 Dungeon Crawl Stone Soup version 0.13.1-22-g086cdba (webtiles) character file.

372 Nicoed the Ducker (level 5, -1/41 HPs)
             Began as a Demonspawn Fighter on Jan 2, 2014.
             Slain by a quokka (2 damage)
             ... summoned by Eustachio
             ... on Level 4 of the Dungeon.
             The game lasted 00:09:01 (2728 turns).

Nicoed the Ducker (Demonspawn Fighter)              Turns: 2728, Time: 00:09:02

HP  -1/41        AC  7     Str 17      XL: 5   Next: 34%
MP   4/4         EV  6     Int  9      God:
Gold 190         SH 17     Dex 13      Spells:  0 memorised,  4 levels left

Res.Fire  : . . .   See Invis. : .   a - +0 hand axe {=f}
Res.Cold  : . . .   Warding    : .   b - +0 scale mail
Life Prot.: . . .   Conserve   : .   c - +0 shield
Res.Poison: .       Res.Corr.  : .   (helmet restricted)
Res.Elec. : .       Clarity    : .   (no cloak)
Sust.Abil.: . .     Spirit.Shd : .   (no gloves)
Res.Mut.  : .       Stasis     : .   (no boots)
Res.Rott. : .       Flight     : .   (no amulet)
Saprovore : . . .                    (no ring)
                                     (no ring)

@: somewhat resistant to hostile enchantments, extremely unstealthy
A: antennae 2, blink 1, magic resistance 1, powered by death 1, powered by pain
1, AC +1
a: Blink


You were on level 4 of the Dungeon.
You were very hungry.

You visited 1 branch of the dungeon, and saw 4 of its levels.

You collected 170 gold pieces.

Inventory:

Hand weapons
 a - a +0,+0 hand axe (weapon) {=f}
Armour
 b - a +0 scale mail (worn)
 c - a +0 shield (worn)
Comestibles
 i - 2 meat rations
Scrolls
 h - 3 scrolls of remove curse
 j - a scroll of recharging
 k - a scroll of teleportation
 o - a scroll of enchant weapon II
 p - a scroll of enchant armour
 r - a scroll of magic mapping {unknown}
Jewellery
 n - an uncursed ring of ice {unknown}
Potions
 f - a potion of curing {unknown}
 g - 2 potions of slowing {unknown}
 m - 2 potions of poison {unknown}
Books
 q - a Young Poisoner's Handbook

   Spells                             Type                      Level
   Sting                              Conjuration/Poison           1
   Cure Poison                        Poison                       2
   Mephitic Cloud                     Conjuration/Poison/Air       3
   Olgreb's Toxic Radiance            Poison                       4
   Venom Bolt                         Conjuration/Poison           5


   Skills:
 - Level 3.0 Fighting
 + Level 3.3 Axes
 - Level 2.6 Armour
 + Level 3.5 Dodging
 - Level 0.4 Stealth
 - Level 2.6 Shields


You had 4 spell levels left.
You didn't know any spells.

Dungeon Overview and Level Annotations

Branches:
Dungeon (4/27)
 Temple: D:4-7

Altars:

Annotations:
D:4 Eustachio


Innate Abilities, Weirdness & Mutations

You have a pair of antennae on your head.
You are partially covered in icy blue scales (AC +1).
You can steal the life force of nearby defeated enemies.
You sometimes gain a little power by taking damage.
You can translocate small distances at will.
You are resistant to hostile enchantments.


Message History

Use which ability? (? or * to list)
Okay, then.
Autopickup is now off.
Autopickup is now on.
Autopickup is now off.
Use which ability? (? or * to list)
You haven't enough vitality at the moment.
Use which ability? (? or * to list)
You haven't enough vitality at the moment.
You hit the green rat but do no damage.
The green rat is severely wounded.
You hit Eustachio.
Eustachio is severely wounded.
You hit the quokka but do no damage.
The quokka is severely wounded.
You hit the bat.
You kill the bat!
The bat's corpse disappears in a puff of smoke!
The quokka bites you.
You die...

#........#
#..(..<..+
#.<......#
#........#
####'#####
#...#
###.#
######r###
#....@..(#
#...§r@..#
#........#
#........#
#........+
#........#
#........#
........#
###


You could see Eustachio, a green rat and a quokka.

Vanquished Creatures
  Sigmund (D:3)
  A gnoll (D:1)
  5 adders
  2 giant geckos (D:3)
  7 bats
  2 giant cockroaches (D:1)
  10 hobgoblins
  6 kobolds
  7 giant newts
  8 goblins
  A kobold skeleton (D:3)
  6 rats
56 creatures vanquished.

Notes
Turn   | Place    | Note
--------------------------------------------------------------
     0 | D:1      | Nicoed, the Demonspawn Fighter, began the quest for the Orb.
     0 | D:1      | Reached XP level 1. HP: 18/18 MP: 0/0
    64 | D:1      | Reached skill level 1 in Dodging
    64 | D:1      | Gained mutation: You are partially covered in icy blue scales (AC +1). [demonic ancestry]
    64 | D:1      | Reached XP level 2. HP: 18/24 MP: 1/1
   421 | D:1      | Gained mutation: You can steal the life force of nearby defeated enemies. [demonic ancestry]
   421 | D:1      | Reached XP level 3. HP: 26/30 MP: 2/2
  1324 | D:2      | Gained mutation: You sometimes gain a little power by taking damage. [demonic ancestry]
  1324 | D:2      | Reached XP level 4. HP: 21/36 MP: 3/3
  2407 | D:3      | Noticed Sigmund
  2410 | D:3      | Gained mutation: You have a pair of small antennae on your head. [potion of mutation]
  2410 | D:3      | Gained mutation: You can translocate small distances at will. [potion of mutation]
  2410 | D:3      | Gained mutation: You are resistant to hostile enchantments. [potion of mutation]
  2423 | D:3      | Killed Sigmund
  2423 | D:3      | Gained mutation: You have a pair of antennae on your head. [demonic ancestry]
  2423 | D:3      | Reached XP level 5. HP: 20/41 MP: 4/4
  2702 | D:4      | Noticed Eustachio
  2727 | D:4      | HP: 1/41 [Eustachio/falchion (6)]
  2728 | D:4      | Slain by a quokka

Action                   |  1- 3 |  4- 6 || total
-------------------------+-------+-------++-------
Melee: Hand axe          |   144 |   102 ||   246
       Scythe            |       |     3 ||     3
  Use: Potion            |       |     2 ||     2
       Scroll            |       |     4 ||     4
